 Dungeon Crawl Stone Soup version 0.29.1-12-g30fa7ad0bf (webtiles) character file.

Game seed: 4553788350972247736

72 bubby the Grave Robber (level 4, 0/30 HPs)
             Began as a Mummy Necromancer on Jan 18, 2023.
             Killed from afar by an orc wizard (12 damage)
             ... with a puff of flame
             ... on level 3 of the Dungeon.
             The game lasted 00:04:29 (2197 turns).

bubby the Grave Robber (Mummy Necromancer)          Turns: 2197, Time: 00:04:29

Health: 0/30       AC:  3    Str: 11    XL:     4   Next: 7%
Magic:  0/9        EV: 12    Int: 16    God:
Gold:   173        SH:  0    Dex: 12    Spells: 6/10 levels left

rFire   x . .      SeeInvis .   d - +0 dagger
rCold   + . .      Faith    .   (no shield)
rNeg    + + +      Spirit   .   a - +0 robe
rPois   ∞          Reflect  .   j - +0 helmet
rElec   .          Harm     .   (no cloak)
rCorr   .          Rampage  .   (no gloves)
Will    +....                   (no boots)
Stlth   ++........              (no amulet)
HPRegen 0.10/turn               h - ring "Nioty" {rN+ Will+}
MPRegen 0.11/turn               (no ring)

@: no status effects
A: cold resistance 1, negative energy resistance 3, torment resistance 2, heat
vulnerability 1, in touch with death 1, no potions
a: no special abilities


You were on level 3 of the Dungeon.
You visited 1 branch of the dungeon, and saw 3 of its levels.

You collected 173 gold pieces.

Inventory:

Hand Weapons
 d - a +0 dagger (weapon)
Armour
 a - a +0 robe (worn)
 j - a +0 helmet (worn)
Jewellery
 h - the ring "Nioty" (left hand) {rN+ Will+}
   (You found it on level 2 of the Dungeon)

   [ring of willpower]

   rN:        It protects you from negative energy.
   Will:      It increases your willpower.
 i - a ring of ice
Wands
 g - a wand of flame (27)
Scrolls
 b - 2 scrolls of blinking {unknown}
 c - 2 scrolls of enchant armour {unknown}
 e - 5 scrolls of identify {unknown}
 f - a scroll of noise {unknown}


   Skills:
 + Level 2.2 Dodging
 + Level 2.3 Stealth
 + Level 3.6 Spellcasting
 + Level 4.4 Necromancy


You had 6 spell levels left.
You knew the following spells:

 Your Spells              Type           Power      Damage    Failure   Level
a - Necrotise             Necr           100%       1d9       2%          1
b - Vampiric Draining     Necr           25%        2d7       9%          3

Your spell library contained the following spells:

 Spells                   Type           Power      Damage    Failure   Level
 Apportation              Tloc           4%         N/A       19%         1
 Summon Small Mammal      Summ           8%         N/A       19%         1
 Animate Dead             Necr           25%        N/A       28%         4
 Agony                    Necr           25%        N/A       61%         5
 Beastly Appendage        Tmut           Unusable   N/A       N/A         1
 Wereblood                Tmut           Unusable   N/A       N/A         2
 Spider Form              Tmut/Pois      Unusable   N/A       N/A         3

Dungeon Overview and Level Annotations

Branches:
Dungeon (3/15)

Altars:

Shops:
D:2 !


Innate Abilities, Weirdness & Mutations

You are immune to poison.
Your flesh is cold resistant. (rC+)
You are immune to negative energy. (rN+++)
You are immune to unholy pain and torment.
You are vulnerable to heat. (rF-)
You are in touch with the powers of death.
You do not drink.


Message History

You hear some strange, mumbled words.
A magic dart appears from out of thin air!
The magic dart hits you!
You can't see any susceptible monsters within range! (Use Z to cast anyway.)
Casting: Necrotise (safe; 2% risk of failure)
Confirm with . or Enter, or press ? or * to list all spells.
You don't have enough magic to cast this spell.
Casting: Necrotise (safe; 2% risk of failure)
Confirm with . or Enter, or press ? or * to list all spells.
You can't see any susceptible monsters within range! (Use Z to cast anyway.)
You barely miss something. Something hits you.
You hit something but do no damage. Something hits you.
You closely miss something.
An orc wizard appears from thin air!
Reactivating autopickup.
The orc wizard hits you with a +0 dagger.
You hit the orc wizard but do no damage.
The orc wizard hits you with a +0 dagger.
* * * LOW HITPOINT WARNING * * *
Casting: Necrotise (safe; 2% risk of failure)
Confirm with . or Enter, or press ? or * to list all spells.
The spell is quite dangerous to miscast (9% risk of failure)!
Continue anyway?
Aiming: Vampiric Draining (quite dangerous; 9% risk of failure)
Press: ? - help, Shift-Dir - straight line, f - orc wizard
Aim: an orc wizard, wielding a +0 dagger and wearing a +0 robe You feel a surge of power!
You draw life force from the orc wizard!
You feel life coursing into your body.
The orc wizard hits you with a +0 dagger.
You closely miss the orc wizard.
The orc wizard is almost dead.
The orc wizard closely misses you.
You barely miss the orc wizard.
The orc wizard is almost dead.
The orc wizard casts a spell at you. You resist with almost no effort.
You hit the orc wizard.
The orc wizard is almost dead.
The orc wizard gestures at you while chanting.
The puff of flame hits you! The fire burns you terribly!
You die...

<..####.###.#.#.#####.# #
...# #.# #.#.#.....#.#.##
...####'###.#.###.........
...#.....##.#.# #.........
...+......#.#+####†.##....
...#................# ...
..........##........# #
..#.......##........#
..........####.o@...#
#####...#.# #.###.## .#
........#.# #.# #.# ..#
#####.#.#.# #.# #.# ..# #
#.#... #.# #.# #.# #
#..####.###.######.# # #
#..................###.##
#
##..........####.........
# .............{......#


You could see an orc wizard.

Vanquished Creatures
  An iguana (D:3)
  2 worms (D:2)
  2 dart slugs
  3 orcs (D:3)
  2 endoplasms
  5 giant cockroaches
  A hobgoblin (D:2)
  2 ball pythons
  4 bats
  A frilled lizard (D:1)
  2 goblins (D:2)
  5 kobolds
  A rat (D:1)
31 creatures vanquished.

Vanquished Creatures (collateral kills)
  A dart slug (D:1)
1 creature vanquished.

Grand Total: 32 creatures vanquished

Notes
Turn   | Place    | Note
-------+----------+-------------------------------------------
     0 | D:1      | bubby the Mummy Necromancer began the quest for the Orb.
     0 | D:1      | Reached XP level 1. HP: 13/13 MP: 4/4
   179 | D:1      | Reached XP level 2. HP: 19/19 MP: 3/5
   838 | D:2      | Identified the ring "Nioty" {rN+ Will+}
   923 | D:2      | Gained mutation: You are in touch with the powers of death.
                  | [Mummy growth]
   923 | D:2      | Reached XP level 3. HP: 3/24 MP: 0/7
  1516 | D:2      | Found Xiowosch's Distillery.
  1881 | D:2      | Found a faded altar of an unknown god.
  1925 | D:3      | Learned a level 3 spell: Vampiric Draining
  2160 | D:3      | Reached XP level 4. HP: 30/30 MP: 2/9
  2197 | D:3      | Killed from afar by an orc wizard

Illustrated notes

Levels and vault maps discovered:
D:1:      lightli_arrival_lavapool, layout_basic
D:2:      layout_basic, serial_corexii_hall, chequers_hall_statues_corner_a,
          corexii_hall_statues_u, ebering_ecumenical_altar_rust, serial_shops,
          shop, kennysheep_nub
D:3:      layout_basic, hangedman_decor_clover_reticule

Skill      XL: |  1  2 |
---------------+-------+-----
Spellcasting   | 3 |  3.6
Stealth        | 2 |  2.3
Dodging        | 2 |  2.2
Necromancy     | |  4.4

Action                   |  1- 3 |  4- 6 || total
-------------------------+-------+-------++-------
Melee: Dagger            |     9 |     9 ||    18
 Cast: Necrotise         |    67 |     3 ||    70
       Vampiric Draining |     1 |     1 ||     2
Armor: Robe              |     3 |       ||     3
Dodge: Dodged            |    12 |     3 ||    15
